 Dungeon Crawl Stone Soup version 0.31.0-11-ge490571c62 (webtiles) character file.

Game seed: 8855112108433329824

2908 qw the Nimble (level 9, -5/45 HPs)
             Began as a Spriggan Hunter on Feb 4, 2024.
             Was an Initiate of Okawaru.
             Engulfed by a steam dragon's steam (9 damage)
             ... on level 7 of the Dungeon.
             The game lasted 00:00:22 (4838 turns).

qw the Nimble (Spriggan Hunter)                     Turns: 4838, Time: 00:00:22

Health: -5/45      AC:  3    Str:  7    XL:     9   Next: 49%
Magic:  10/10      EV: 29    Int: 16    God:    Okawaru [......]
Gold:   495        SH:  5    Dex: 25    Spells: 8/8 levels left

rFire   . . .        a - +8 orcbow "Quxzing" {flame, Int+6 Dex+2}
rCold   + . .        (shield currently unavailable)
rNeg    + . .        c - +0 robe
rPois   +            (helmet restricted)
rElec   .            p - +0 cloak
rCorr   +            (gloves unavailable)
SInv    +            (boots unavailable)
Will    ++...        g - amulet of reflection
Stlth   ++           e - ring "Toinloq" {rPois rC+ Will+ rCorr Slay+3}
HPRegen 0.27/turn    q - ring of positive energy
MPRegen 0.12/turn

%: reflection
@: about to teleport, very quick
A: very small, no large weapons, unfitting armour, see invisible, speed 3
a: Renounce Religion


You were on level 7 of the Dungeon.
You worshipped Okawaru.
Okawaru was noncommittal.
You visited 2 branches of the dungeon, and saw 8 of its levels.

You collected 495 gold pieces.


Innate Abilities, Weirdness & Mutations

You are very small and have problems with some larger weapons.
You are too small for most types of armour.
You have supernaturally acute eyesight. (SInv)
You cover ground extremely quickly. (Speed+++)


   Skills:
 - Level 4.0 Fighting
 + Level 10.2 Ranged Weapons
 - Level 11.0 Dodging
 - Level 1.5 Stealth


You had 8 spell levels left.
You didn't know any spells.
Your spell library was empty.

Inventory:

Hand Weapons
 a - the +8 orcbow "Quxzing" (weapon) {flame, Int+6 Dex+2}
   (You found it on level 4 of the Dungeon)

   Int+6:     It affects your intelligence (+6).
   Dex+2:     It affects your dexterity (+2).
Armour
 c - a +0 robe (worn)
 p - a +0 cloak (worn)
Jewellery
 e - the ring "Toinloq" (left hand) {rPois rC+ Will+ rCorr Slay+3}
   (You found it on level 4 of the Dungeon)

   [ring of willpower]

   Slay+3:    It affects your accuracy & damage with ranged weapons and melee
   (+3).
   rC+:       It protects you from cold.
   rPois:     It protects you from poison Will+: It increases your willpower.
   rCorr:     It protects you from acid and corrosion.
 g - an amulet of reflection (around neck)
 k - a ring of ice
 l - a ring of poison resistance
 q - a ring of positive energy (right hand)
Wands
 n - a wand of polymorph (8)
 r - a wand of roots (2)
Scrolls
 b - a scroll of enchant weapon
 d - 3 scrolls of teleportation
 h - a scroll of identify
Potions
 f - a potion of heal wounds
 i - a potion of might
 j - 2 potions of curing
 o - a potion of resistance

Dungeon Overview and Level Annotations

Branches:
Dungeon (7/15)             Temple (1/1) D:7

Altars:
Ashenzari
Cheibriados
Dithmenos
Elyvilon
Fedhas
Hepliaklqana
Kikubaaqudgha
Makhleb
Nemelex Xobeh
Okawaru
Qazlal
Ru
Sif Muna
Trog
Uskayaw
Vehumet
Wu Jian
Yredelemnul
The Shining One

Annotations:
D:5 1 runed translucent door, Crazy Yiuf
D:6 2 runed translucent doors, qw's ghost, novice SpHu


Message History

You now have 428 gold pieces (gained 19).
You now have 440 gold pieces (gained 12).
You now have 455 gold pieces (gained 15).
You now have 465 gold pieces (gained 10).
You now have 480 gold pieces (gained 15).
You now have 495 gold pieces (gained 15).
You open the door.
There is an open door here.
A steam dragon comes into view.
The steam dragon hisses angrily.
You shoot an arrow.
The arrow closely misses the steam dragon.
You shoot an arrow.
The arrow closely misses the steam dragon.
The steam dragon breathes steam at you. The ball of steam misses you.
4829 ||| Stepping ~*~*~tactically~*~*~ (cloud).
Enter note:
Enter note: You are engulfed in a cloud of scalding steam.
4831 ||| Stepping ~*~*~tactically~*~*~ (cloud).
You start resting.
A steam dragon is nearby!
You shoot an arrow.
The arrow hits the steam dragon but does no damage.
The steam dragon breathes steam at you. The ball of steam hits you!
You're standing in a cloud of steam!
You are engulfed in a cloud of scalding steam.
You're standing in a cloud of steam!
You are engulfed in a cloud of scalding steam.
You shoot an arrow. The arrow hits the steam dragon!
The arrow burns the steam dragon.
The steam dragon is heavily wounded.
You are engulfed in a cloud of scalding steam.
4838 ||| READING 4 scrolls of teleportation.
As you read the scroll of teleportation, it crumbles to dust.
You feel strangely unstable.
You are engulfed in a cloud of scalding steam.
You die...

############ #
#....##....# ...
#######...PPPPP#.### #
.D...##.D@..'.......P.....
#
....¤..¤#####...P...P#####
# ..##.#### ####P....#####
# +. #..PPPP..##.. #
.....####.#.##.# .....
#.#..... .... #.#.##.#
.... #.#.##.# ... #.#.....


You could see a steam dragon (catching breath).

Vanquished Creatures
  Grinder (D:5)
  6 yaks (D:7)
  3 water moccasins (D:6)
  3 sky beasts
  An ice beast (D:7)
  2 ogres
  A centaur (D:7)
  Blork the orc (D:5)
  A scorpion (D:5)
  4 wights
  An orc priest (D:3)
  A gnoll bouda (D:7)
  4 jellies
  3 iguanas
  2 orc wizards
  A sleepcap (D:7)
  Robin (D:4)
  4 gnolls (D:7)
  8 adders
  2 shadow imps
  3 white imps
  2 ribbon worms
  17 orcs
  6 ball pythons
  6 bats
  7 endoplasms
  4 giant cockroaches
  17 goblins
  8 hobgoblins
  8 kobolds
  2 quokkas
  8 frilled lizards
  2 rats
140 creatures vanquished.

Notes
Turn   | Place    | Note
-------+----------+-------------------------------------------
     0 | D:1      | qw the Spriggan Hunter began the quest for the Orb.
     0 | D:1      | Reached XP level 1. HP: 10/10 MP: 2/2
     0 | D:1      | 0 ||| qw: Version: 0.3-a-160-g6735b56
     0 | D:1      | 0 ||| qw: Game counter: 5596
     0 | D:1      | 0 ||| qw: Melee chars always use a shield: true
     0 | D:1      | 0 ||| qw: God list: Okawaru
     0 | D:1      | 0 ||| qw: Allow faded altars: false
     0 | D:1      | 0 ||| qw: Do Orc after clearing Dungeon:15 true
     0 | D:1      | 0 ||| qw: Do second Lair branch before Depths: true
     0 | D:1      | 0 ||| qw: Lair rune preference: random
     0 | D:1      | 0 ||| qw: Goals: Normal
     0 | D:1      | 0 ||| PLANNING D:1-11
    30 | D:1      | Reached skill level 3 in Dodging
    79 | D:1      | Reached XP level 2. HP: 14/14 MP: 3/3
   114 | D:1      | Reached skill level 4 in Dodging
   874 | D:1      | Reached XP level 3. HP: 18/18 MP: 4/4
   885 | D:1      | 885 ||| READING scroll labelled CUET DIATEZI.
   889 | D:1      | 889 ||| READING scroll labelled EDOGIO GEENOT.
   889 | D:1      | 889 ||| ENCHANTING +0 shortbow.
   890 | D:1      | 890 ||| READING 2 scrolls labelled UREUGI SATHEA.
   891 | D:1      | 891 ||| DRINKING 2 smoky dark potions.
   892 | D:1      | 892 ||| DRINKING sapphire potion.
   893 | D:1      | 893 ||| DROPPING scroll of butterflies.
   894 | D:1      | 894 ||| DROPPING potion of ambrosia.
   895 | D:1      | 895 ||| DROPPING scroll of revelation.
  1011 | D:2      | Found a hazy altar of Hepliaklqana.
  1206 | D:2      | Reached XP level 4. HP: 9/22 MP: 5/5
  1314 | D:2      | Found a faded altar of an unknown god.
  1631 | D:2      | 1631 ||| DROPPING amulet of magic regeneration.
  1632 | D:2      | 1632 ||| READING scroll labelled WOARCH YSMUKHLYJ.
  1633 | D:2      | 1633 ||| READING scroll labelled WIEMO QUICRU.
  1633 | D:2      | 1633 ||| IDENTIFYING bubbling brown potion
  1634 | D:2      | 1634 ||| READING scroll labelled WYFEIN KIESYAQ.
  1635 | D:2      | 1635 ||| READING scroll labelled VUSOEG DOREUL.
  1635 | D:2      | 1635 ||| ENCHANTING +0 shortbow.
  1637 | D:2      | 1637 ||| Stepping ~*~*~tactically~*~*~ (cloud).
  1645 | D:2      | HP: 5/22 [poisoned by you (poison gas)]
  1695 | D:2      | 1695 ||| FLEEEEING.
  1699 | D:2      | 1699 ||| FLEEEEING.
  1700 | D:2      | 1700 ||| FLEEEEING.
  1701 | D:2      | 1701 ||| FLEEEEING.
  1702 | D:2      | 1702 ||| FLEEEEING.
  2044 | D:3      | 2044 ||| FLEEEEING.
  2045 | D:3      | 2045 ||| FLEEEEING.
  2046 | D:3      | 2046 ||| FLEEEEING.
  2047 | D:3      | 2047 ||| FLEEEEING.
  2048 | D:3      | 2048 ||| FLEEEEING.
  2050 | D:3      | 2050 ||| FLEEEEING.
  2051 | D:3      | 2051 ||| FLEEEEING.
  2057 | D:3      | HP: 3/22 [orc priest/divine providence (8)]
  2058 | D:3      | 2058 ||| READING scroll of teleportation.
  2059 | D:3      | 2059 ||| DRINKING potion of heal wounds.
  2306 | D:3      | Reached skill level 5 in Dodging
  2310 | D:3      | Reached XP level 5. HP: 16/26 MP: 6/6
  2321 | D:3      | 2321 ||| FLEEEEING.
  2322 | D:3      | 2322 ||| FLEEEEING.
  2323 | D:3      | 2323 ||| FLEEEEING.
  2324 | D:3      | 2324 ||| FLEEEEING.
  2327 | D:3      | 2327 ||| FLEEEEING.
  2328 | D:3      | 2328 ||| FLEEEEING.
  2329 | D:3      | 2329 ||| FLEEEEING.
  2330 | D:3      | 2330 ||| FLEEEEING.
  2331 | D:3      | 2331 ||| FLEEEEING.
  2332 | D:3      | 2332 ||| FLEEEEING.
  2333 | D:3      | 2333 ||| FLEEEEING.
  2334 | D:3      | 2334 ||| FLEEEEING.
  2335 | D:3      | 2335 ||| FLEEEEING.
  2336 | D:3      | 2336 ||| FLEEEEING.
  2341 | D:3      | 2341 ||| FLEEEEING.
  2342 | D:3      | 2342 ||| FLEEEEING.
  2343 | D:3      | 2343 ||| FLEEEEING.
  2344 | D:3      | 2344 ||| FLEEEEING.
  2345 | D:3      | 2345 ||| FLEEEEING.
  2348 | D:3      | 2348 ||| FLEEEEING.
  2349 | D:3      | 2349 ||| FLEEEEING.
  2350 | D:3      | 2350 ||| FLEEEEING.
  2351 | D:3      | 2351 ||| FLEEEEING.
  2352 | D:3      | 2352 ||| FLEEEEING.
  2353 | D:3      | 2353 ||| FLEEEEING.
  2354 | D:3      | 2354 ||| FLEEEEING.
  2355 | D:3      | 2355 ||| FLEEEEING.
  2471 | D:3      | 2471 ||| READING 2 scrolls labelled QESUOR EMOSTRO.
  2472 | D:3      | 2472 ||| READING 2 scrolls labelled NOOZOI ZYAMA.
  2473 | D:3      | 2473 ||| READING scroll labelled LAUXOF ARCH.
  2473 | D:3      | Identified a scroll of acquirement
  2473 | D:3      | 2473 ||| ACQUIRING +7 shortbow "Vynul" {drain, rF++}
  2473 | D:3      | Acquired the +7 shortbow "Vynul" {drain, rF++}
  2475 | D:3      | 2475 ||| SWAPPING to +7 shortbow "Vynul" {drain, rF++}.
  2476 | D:3      | 2476 ||| DROPPING +1 shortbow.
  2477 | D:3      | 2477 ||| UPGRADING to ring of ice.
  2478 | D:3      | 2478 ||| DRINKING 2 smoky purple potions.
  2479 | D:3      | 2479 ||| DROPPING scroll of fog.
  2480 | D:3      | 2480 ||| DROPPING scroll of fear.
  2481 | D:3      | 2481 ||| DROPPING potion of attraction.
  2508 | D:4      | Identified the +8 orcbow "Quxzing" {flame, Int+6 Dex+2}
  2510 | D:4      | 2510 ||| SWAPPING to +8 orcbow "Quxzing" {flame, Int+6
                  | Dex+2}.
  2511 | D:4      | 2511 ||| REMOVING ring of ice.
  2512 | D:4      | 2512 ||| DROPPING +7 shortbow "Vynul" {drain, rF++}.
  2604 | D:4      | Noticed Robin
  2614 | D:4      | Killed Robin
  2760 | D:4      | Identified the ring "Toinloq" {rPois rC+ Will+ rCorr
                  | Slay+3}
  3158 | D:4      | 3158 ||| UPGRADING to ring "Toinloq" {rPois rC+ Will+ rCorr
                  | Slay+3}.
  3159 | D:4      | 3159 ||| READING scroll of identify.
  3159 | D:4      | 3159 ||| IDENTIFYING white potion
  3192 | D:5      | Entered Level 5 of the Dungeon
  3209 | D:5      | Reached skill level 6 in Dodging
  3227 | D:5      | Reached skill level 6 in Ranged Weapons
  3227 | D:5      | Reached XP level 6. HP: 30/30 MP: 7/7
  3230 | D:5      | Noticed Grinder
  3233 | D:5      | Noticed Blork the orc
  3235 | D:5      | Killed Blork the orc
  3242 | D:5      | Killed Grinder
  3243 | D:5      | Reached skill level 8 in Dodging
  3243 | D:5      | Reached XP level 7. HP: 35/35 MP: 8/8
  3249 | D:5      | Found a broken altar of Ashenzari.
  3397 | D:5      | Found a runed translucent door.
  3398 | D:5      | Noticed Crazy Yiuf
  3858 | D:5      | 3858 ||| UPGRADING to amulet of reflection.
  3893 | D:6      | 3893 ||| STAIRDANCE
  3899 | D:6      | 3899 ||| STAIRDANCE
  3955 | D:6      | Reached XP level 8. HP: 39/39 MP: 9/9
  4013 | D:6      | Reached skill level 3 in Fighting
  4063 | D:6      | Reached skill level 9 in Dodging
  4290 | D:6      | Reached skill level 9 in Ranged Weapons
  4340 | D:6      | Found a large runed translucent door.
  4341 | D:6      | Found a large runed translucent door.
  4344 | D:6      | Noticed qw's ghost (novice SpHu)
  4407 | D:6      | 4407 ||| UPGRADING to +0 cloak.
  4412 | D:6      | 4412 ||| UPGRADING to ring of positive energy.
  4413 | D:6      | 4413 ||| READING scroll of identify.
  4413 | D:6      | 4413 ||| IDENTIFYING fizzy pink potion
  4414 | D:6      | 4414 ||| READING scroll labelled OJEWKO MOSKE.
  4415 | D:6      | 4415 ||| READING scroll labelled HOCEAGURIO.
  4539 | D:7      | Reached skill level 10 in Dodging
  4543 | D:7      | Reached XP level 9. HP: 44/44 MP: 10/10
  4563 | D:7      | Reached skill level 11 in Dodging
  4673 | D:7      | Found a staircase to the Ecumenical Temple.
  4674 | D:7      | 4674 ||| PLANNING TEMPLE
  4680 | Temple   | Entered the Ecumenical Temple
  4681 | Temple   | 4681 ||| PLANNING OKAWARU WORSHIP
  4686 | Temple   | Became a worshipper of Warmaster Okawaru
  4687 | Temple   | 4687 ||| PLANNING D:1-11
  4829 | D:7      | 4829 ||| Stepping ~*~*~tactically~*~*~ (cloud).
  4831 | D:7      | 4831 ||| Stepping ~*~*~tactically~*~*~ (cloud).
  4837 | D:7      | HP: 3/45 [steam dragon] (9)]
  4838 | D:7      | 4838 ||| READING 4 scrolls of teleportation.
  4838 | D:7      | Engulfed by a steam dragon's steam

Levels and vault maps discovered:
D:1:      tekkud_arrival_beachfront_property, layout_basic,
          minmay_misc_feat_pillars
D:2:      layout_loops_ring, shapermc_ecumenical_altar_venn, basic_altar,
          grunt_decor_one_mirror
D:3:      layout_loops_ring, minmay_cupped
D:4:      layout_loops_cross, uniq_robin
D:5:      layout_loops_ring, nicolae_ashenzari_skybound, uniq_blork_the_orc,
          uniq_crazy_yiuf_cottage, uniq_grinder
D:6:      layout_rooms, serial_curves, eino_curves_01, eino_curves_03,
          ebering_ghost_disaster_area
D:7:      layout_basic, dk_xom_monty_hall, minmay_temple_entry_mini_moons,
          grunt_ministairs_10, minmay_gold_behind_fungi
Temple:   nicolae_temple_no_exploring_needed

Skill      XL: |  1  2  3  4  5  6  7  8  9 |
---------------+----------------------------+-----
Dodging        | 3 4 5 6 8 10 11 | 11.0
Ranged Weapons | 5 6 7 9 10 | 10.2
Fighting       | 2 3 4 |  4.0
Stealth        | |  1.5

Action                     |  1- 3 |  4- 6 |  7- 9 || total
---------------------------+-------+-------+-------++-------
   Fire: Shortbow          |    92 |    81 |       ||   173
         Orcbow            |       |    46 |   114 ||   160
    Use: Scroll            |     3 |     9 |     4 ||    16
         Potion            |     2 |     2 |       ||     4
 Armour: Robe              |    11 |    16 |    11 ||    38
  Dodge: Dodged            |    22 |    46 |    28 ||    96
  Block: Other             |       |       |     5 ||     5
         Reflection        |       |       |     1 ||     1

Table legend:
 A = Non-vault XP
 B = Vault XP
 C = Vault XP percentage of total XP
 D = Non-vault monster count
 E = Vault monster count
 F = Vault count percentage of total count
                 A         B        C        D         E       F
            +---------+---------+-------+---------+---------+-------
      Total |    3593 |     562 |  13.5 |     121 |      19 |  13.6
            +---------+---------+-------+---------+---------+-------
        D:1 |      42 |       0 |   0.0 |      25 |       0 |   0.0
        D:2 |      65 |       0 |   0.0 |      17 |       0 |   0.0
        D:3 |      94 |       7 |   6.9 |      25 |       4 |  13.8
        D:4 |      88 |      29 |  24.8 |       7 |       9 |  56.2
        D:5 |     669 |     377 |  36.0 |      15 |       2 |  11.8
        D:6 |    1086 |       0 |   0.0 |      15 |       0 |   0.0
        D:7 |    1549 |     149 |   8.8 |      17 |       4 |  19.0
            +---------+---------+-------+---------+---------+-------
